 Dungeon Crawl Stone Soup version 0.28-a0-1447-ga5a8893891 (webtiles) character file.

Game seed: 2730234128853613591

50 testman the Skirmisher (level 3, -7/31 HPs)
             Began as a Palentonga Fighter on Jan 10, 2022.
             Mangled by a gnoll (9 damage)
             ... on level 2 of the Dungeon.
             The game lasted 00:04:14 (1117 turns).

testman the Skirmisher (Palentonga Fighter)         Turns: 1117, Time: 00:04:15

Health: -7/31      AC:  6    Str: 21    XL:     3   Next: 55%
Magic:  3/3        EV:  7    Int:  8    God:
Gold:   25         SH:  4    Dex:  9    Spells: 2/2 levels left

rFire   . . .      SeeInvis +   a - +0 war axe
rCold   . . .      Faith    .   c - +0 buckler
rNeg    . . .      Spirit   .   b - +0 scale mail
rPois   .          Reflect  .   (no helmet)
rElec   .          Harm     .   (no cloak)
rCorr   .          Rampage  .   (no gloves)
Will    .....                   (no barding)
Stlth   ..........              (no amulet)
HPRegen 0.10/turn               k - ring of flight
MPRegen 0.08/turn               (no ring)

@: flying
A: large, rugged brown scales 3, see invisible, deformed body, roll 1, armoured
tail
a: Rolling Charge


You were on level 2 of the Dungeon.
You visited 1 branch of the dungeon, and saw 2 of its levels.

You collected 25 gold pieces.

Inventory:

Hand Weapons
 a - a +0 war axe (weapon)
Missiles
 g - 15 sling bullets
 j - 16 poisoned darts
Armour
 b - a +0 scale mail (worn)
 c - a +0 buckler (worn)
Jewellery
 k - a ring of flight (left hand)
Scrolls
 h - a scroll of brand weapon {unknown}
 i - a scroll of noise {unknown}
 n - 3 scrolls of blinking {unknown}
Potions
 d - a potion of might
 e - a potion of heal wounds {unknown}
 f - a potion of mutation {unknown}
 l - 2 potions of resistance
 m - a potion of berserk rage {unknown}


   Skills:
 + Level 3.6 Fighting
 + Level 2.7 Axes
 - Level 2.4 Armour
 + Level 2.9 Shields


You had 2 spell levels left.
You didn't know any spells.
Your spell library contained the following spells:

 Spells                   Type           Power      Damage    Failure   Level
 Ozocubu's Armour         Ice            0%         N/A       99%         3
 Ozocubu's Refrigeration  Ice            0%         4d5       100%        7


Dungeon Overview and Level Annotations

Branches:
Dungeon (2/15)

Altars:


Innate Abilities, Weirdness & Mutations

You are completely covered in rugged brown scales. (AC +3, +7% HP)
You have supernaturally acute eyesight. (SInv)
Armour fits poorly on your strangely shaped body.
You can roll at nearby foes to attack.
You have a long armoured tail.


Message History

No target in view!
No target in view!
Things that are here:
a +0 short sword; a kobold corpse
Things that are here:
a +0 club; a kobold corpse
Found a ring mail.
No target in view!
A worm comes into view.
A gnoll comes into view. It is wielding a +0 club.
Found a stone staircase leading up and a stone staircase leading down.
The gnoll shouts!
The gnoll moves out of view.
You hit the worm.
The worm is moderately wounded.
A gnoll comes into view.
It is wielding a +0 halberd of protection.
The worm bites you!
The gnoll shouts!
You hit the worm.
Your tail-slap misses the worm.
The worm is heavily wounded.
The worm bites you.
You barely miss the worm.
The worm is heavily wounded.
You slash the worm!
You kill the worm!
The gnoll barely misses you.
A gnoll comes into view. It is wielding a +0 whip.
The gnoll closely misses you.
You see here a worm corpse.
The gnoll shouts!
You slash the gnoll!
You kill the gnoll!
The gnoll hits you from afar with a +0 halberd of protection!
* * * LOW HITPOINT WARNING * * *
You are too injured to fight recklessly!
The gnoll hits you from afar with a +0 halberd of protection!
* * * LOW HITPOINT WARNING * * *
There is a stone staircase leading up here.
The gnoll hits you from afar with a +0 halberd of protection!
You die...

#...# #.)...#.#
#...# #.....#.#
#...####.....#.###
#...#.....#.......
#...#.....####g##.
#..÷#..........##.
#...#)†...#######.
#...#.)...#### #.
#@.g..g.......# ##
#..............
###......>....#
#####.........
#.######## #.# #..
##


You could see 2 gnolls.

Vanquished Creatures
  2 gnolls
  An adder (D:2)
  A worm (D:2)
  2 bats
  A giant cockroach (D:2)
  2 hobgoblins (D:1)
  2 quokkas (D:1)
  2 ball pythons (D:1)
  2 frilled lizards (D:1)
  A goblin (D:1)
  4 kobolds
  2 rats (D:1)
22 creatures vanquished.

Notes
Turn   | Place    | Note
-------+----------+-------------------------------------------
     0 | D:1      | testman the Palentonga Fighter began the quest for the Orb.
     0 | D:1      | Reached XP level 1. HP: 19/19 MP: 1/1
   173 | D:1      | Reached XP level 2. HP: 7/25 MP: 2/2
   897 | D:2      | Reached XP level 3. HP: 22/31 MP: 3/3
  1111 | D:2      | HP: 1/31 [gnoll (10)]
  1117 | D:2      | Mangled by a gnoll

Illustrated notes

Levels and vault maps discovered:
D:1:      saegor_arrival_simple_c, layout_rooms, minmay_misc_feat_hallway
D:2:      layout_basic

Action                   || total
-------------------------++-------
Melee: War axe           ||    49
       Tailslap          ||     8
 Abil: Rolling Charge    ||     1
  Use: Scroll            ||     1
Armor: Scale mail        ||    23
Dodge: Dodged            ||    19
Block: Buckler           ||    12

Table legend: (Time is in decaauts)
 A = Elapsed time spent in this place.
 B = Non-inter-level travel time spent in this place.
 C = Inter-level travel time spent in this place.
 D = Time resting spent in this place.
 E = Time spent auto-exploring this place.
 F = Levels seen in this place.
 G = Mean time per level.
                   A        B        C        D        E       F      G
               +--------+--------+--------+--------+--------+-----+--------+
         Total |   1136 |   1104 |     32 |    497 |    431 |   2 |  568.0 |
       Dungeon |   1136 |   1104 |     32 |    497 |    431 |   2 |  568.0 |
               +--------+--------+--------+--------+--------+-----+--------+

Top non-repeatable levels by time:
     D:1: 901 daAuts
     D:2: 235 daAuts
